AoeStats
← Horizon

Arabia

509300295Analyzed
1v1 RM · 5d ago on Sep 26, 2026· 24m 18s· 2 players
Game mode
Random Map
Map size
Tiny (2 player)
Population
200
Speed
Normal
Resources
Standard
Victory
Conquest
Starting age
Dark Age
Ending age
Imperial Age
RankedLock teamsTeams togetherTeam positionsShared explorationLock speedFull tech treeHidden civsTurbo modeCheats
Victory
Defeat
🇺🇸 Khitans · United States
1407
+18
🇵🇰 Sicilians · Pakistan
1457
-18
:)
6:20 Loom
9:19 Feudal Age
10:04 Double-Bit Axe
10:01 Domestication
20:00 Castle Age
18:28 Fletching
18:57 Padded Archer Armor
19:08 Forging
19:07 Padded Archer Armor
20:36 Bodkin Arrow
20:46 Husbandry
21:26 Scale Barding Armor
23:36 Light Cavalry
Horizon
5:39 Loom
9:18 Feudal Age
10:15 Double-Bit Axe
17:16 Horse Collar
20:01 Wheelbarrow
23:20 Castle Age
22:23 Fletching
23:20 Padded Archer Armor
23:22 Elite Skirmisher
Connection lost

Rejoining the realm…

Still unreachable

The connection could not be restored.

Session expired

The server has moved on; the page needs a fresh start.